 Dungeon Crawl Stone Soup version 0.30-a0-585-g93115170b9 (webtiles) character file.

Game seed: 5745737995156334222

515 bande the Covered (level 7, -6/43 HPs)
             Began as a Gargoyle Fighter on Jan 3, 2023.
             Mangled by an ogre
             ... wielding a +0 giant club
              (22 damage)
             ... on level 5 of the Dungeon.
             The game lasted 00:04:46 (3604 turns).

bande the Covered (Gargoyle Fighter)                Turns: 3604, Time: 00:04:47

Health: -6/43      AC: 15    Str: 19    XL:     7   Next: 20%
Magic:  7/7        EV:  7    Int:  9    God:
Gold:   257        SH:  5    Dex: 17    Spells: 6/6 levels left

rFire   . . .      SeeInvis .    a - +0 war axe
rCold   . . .      Faith    .    c - +0 buckler
rNeg    + . .      Spirit   .    s - +0 chain mail
rPois   ∞          Reflect  .    (no helmet)
rElec   +          Harm     .    o - +0 cloak
rCorr   .          Rampage  .    (no gloves)
Will    +....                    (no boots) Stlth
                                 (no amulet)
HPRegen 0.27/turn                h - ring of willpower
MPRegen 0.10/turn                b - +6 ring of dexterity

@: very slow
A: sickness immunity, AC +4, negative energy resistance 1, electricity
resistance, torment resistance 1, petrification resistance
a: no special abilities


You were on level 5 of the Dungeon.
You visited 1 branch of the dungeon, and saw 5 of its levels.

You collected 257 gold pieces.

Inventory:

Hand Weapons
 a - a +0 war axe (weapon)
 i - a +0 morningstar
Armour
 c - a +0 buckler (worn)
 o - a +0 cloak (worn)
 s - a +0 chain mail (worn)
Jewellery
 b - a +6 ring of dexterity (right hand)
 h - a ring of willpower (left hand)
Wands
 m - a wand of flame (18)
Scrolls
 f - 2 scrolls of teleportation
 g - 9 scrolls of identify
 r - a scroll of poison {unknown}
 t - a scroll of vulnerability {unknown}
Potions
 d - 2 potions of might
 j - 2 potions of curing
 k - a potion of berserk rage {unknown}
 n - a potion of lignification {unknown}
 p - 2 potions of attraction {unknown}
 q - a potion of heal wounds {unknown}


   Skills:
 + Level 4.2 Fighting
 + Level 4.5 Axes
 + Level 4.9 Armour
 - Level 0.2 Dodging
 + Level 4.6 Shields
 * Level 1.8 Evocations


You had 6 spell levels left.
You didn't know any spells.
Your spell library contained the following spells:

 Spells                   Type           Power      Damage    Failure   Level
 Static Discharge         Conj/Air       0%         2-2/arc   100%        2
 Call Canine Familiar     Summ           0%         N/A       100%        3
 Portal Projectile        Hex/Tloc       0%         N/A       100%        3
 Vhi's Electric Charge    Tloc/Air       0%         N/A       100%        3
 Leda's Liquefaction      Hex/Erth       0%         N/A       100%        4
 Arcjolt                  Conj/Air       0%         1d10      100%        5
 Lightning Bolt           Conj/Air       0%         1d11      100%        5


Dungeon Overview and Level Annotations

Branches:
Dungeon (4/15)             Temple (0/1) D:5

Altars:
Nemelex Xobeh
Zin

Shops:
D:3 [

Portals:
Sewer: D:5


Innate Abilities, Weirdness & Mutations

You are immune to sickness and miasma.
Your stone body is resilient. (AC +4)
You are immune to poison.
You resist negative energy. (rN+)
You are resistant to electric shocks. (rElec)
You are resistant to unholy torment.
You are immune to petrification.


Message History

You completely miss the howler monkey.
The howler monkey hits you but does no damage. x2
You have reached level 7!
The howler monkey attacks as you move away!
The howler monkey hits you but does no damage.
You slash the howler monkey!
The howler monkey is heavily wounded.
The howler monkey hits you but does no damage.
You closely miss the howler monkey.
The howler monkey is heavily wounded.
The howler monkey hits you but does no damage. x2
You barely miss the howler monkey.
The howler monkey is heavily wounded.
The howler monkey hits you but does no damage. x2
You hit the howler monkey.
The howler monkey is severely wounded.
The howler monkey hoots and howls with incredible vigour!
You hear a shout!
You hit the howler monkey.
The howler monkey is severely wounded.
You block the howler monkey's attack. x2
You closely miss the howler monkey.
The howler monkey is severely wounded.
The howler monkey hits you but does no damage.
You slash the howler monkey!
You kill the howler monkey!
You see here a howler monkey corpse.
You see here a +0 giant club.
An ogre comes into view. It is wielding a +0 giant club.
The ogre shouts!
Found a glowing drain.
A worm comes into view.
You enter the shallow water.
Moving in this stuff is going to be slow.
A worm comes into view.
You hear the rusting of a drain.
The worm splashes around in the water.
The ogre hits you with a +0 giant club!!
Ouch! That really hurt!
You die...

#.######
#......#
#.##...###
#.#....~##
#.#...~~##
***#.#.#~~###
**,,....#~~#
*,,*#...#O~#
*,,....##@~#
**,..####∩~w#*
*,,..~~~~~w~.#
*,,,~~~~~~~.~#
***~~#####.~.#
*#** #####
****


You could see an ogre and 2 worms.

Vanquished Creatures
  An ogre (D:5)
  2 howler monkeys
  A hound (D:5)
  A gnoll bouda (D:3)
  An orc priest (D:3)
  Crazy Yiuf (D:2)
  Natasha (thrice) (D:2)
  An orc wizard (D:5)
  7 adders
  2 adder zombies (D:2)
  2 worms
  A dart slug (D:1)
  4 orcs
  5 bats
  A bat skeleton (D:2)
  2 bat zombies (D:2)
  6 endoplasms
  2 giant cockroaches (D:3)
  4 hobgoblins
  4 quokkas
  A ball python (D:2)
  3 frilled lizards
  6 goblins
  6 kobolds
  7 rats
74 creatures vanquished.

Notes
Turn   | Place    | Note
-------+----------+-------------------------------------------
     0 | D:1      | bande the Gargoyle Fighter began the quest for the Orb.
     0 | D:1      | Reached XP level 1. HP: 14/14 MP: 1/1
   219 | D:1      | Reached XP level 2. HP: 13/19 MP: 2/2
   672 | D:2      | Found a runed translucent door.
   673 | D:2      | Noticed Crazy Yiuf
   729 | D:2      | Noticed Natasha
   739 | D:2      | Killed Natasha
   740 | D:2      | Reached XP level 3. HP: 4/23 MP: 3/3
   980 | D:2      | Reached XP level 4. HP: 12/28 MP: 4/4
  1455 | D:2      | Noticed Natasha
  1463 | D:2      | Killed Natasha
  1616 | D:2      | Noticed Natasha
  1624 | D:2      | Killed Natasha
  1625 | D:2      | Reached XP level 5. HP: 16/33 MP: 5/5
  1958 | D:2      | HP: 1/33 [Crazy Yiuf/+3 quarterstaff of chaos (7)]
  1959 | D:2      | Killed Crazy Yiuf
  2353 | D:3      | Found Gero's Antique Armour Emporium.
  2626 | D:3      | Found a sparkling altar of Nemelex Xobeh.
  2743 | D:3      | Reached skill level 1 in Evocations
  2743 | D:3      | Reached XP level 6. HP: 19/38 MP: 6/6
  3308 | D:3      | Found a glowing silver altar of Zin.
  3459 | D:4      | You fall into a shaft and drop 1 floor!
  3459 | D:5      | Entered Level 5 of the Dungeon
  3555 | D:5      | HP: 1/38 [howler monkey (1)]
  3559 | D:5      | Reached XP level 7. HP: 3/43 MP: 7/7
  3599 | D:5      | Found a glowing drain.
  3604 | D:5      | Mangled by an ogre

Illustrated notes

Levels and vault maps discovered:
D:1:      dpeg_arrival_tiny_d, layout_basic
D:2:      layout_rooms, serial_undead, serial_undead_c, serial_undead_f,
          serial_undead_d, serial_undead_d, uniq_natasha,
          uniq_crazy_yiuf_cottage
D:3:      layout_basic, general_overflow_altar, lemuel_coloured_pillars_altar,
          serial_shops, nicolae_shop_hallway_stairs,
          minmay_fractal_squares_diagonal_5
D:4:      layout_loops_ring, mainiacjoe_overflow_concentric_impassable
D:5:      layout_loops_ring, nicolae_overflow_hidden_temple,
          minmay_temple_entry_enclosed_plants, cheibrodos_sewer_entry_bend,
          minmay_misc_feat_x

Skill      XL: |  1  2  3  4  5  6 |
---------------+-------------------+-----
Axes           | 2 3 4 |  4.5
Armour         | 4 |  4.9
Shields        | 4 |  4.6
Evocations     | 1 |  1.8
Fighting       | 4 |  4.2
Dodging        | |  0.2

Action                   |  1- 3 |  4- 6 |  7- 9 || total
-------------------------+-------+-------+-------++-------
Melee: War axe           |    82 |   166 |     7 ||   255
  Use: Scroll            |       |     4 |       ||     4
Armor: Scale mail        |    56 |    81 |       ||   137
       Chain mail        |       |    35 |     7 ||    42
Dodge: Dodged            |    54 |    74 |       ||   128
Block: Buckler           |    27 |    59 |     2 ||    88

Table legend: (Time is in decaauts)
 A = Elapsed time spent in this place.
 B = Non-inter-level travel time spent in this place.
 C = Inter-level travel time spent in this place.
 D = Time resting spent in this place.
 E = Time spent auto-exploring this place.
 F = Levels seen in this place.
 G = Mean time per level.
                   A        B        C        D        E       F      G
               +--------+--------+--------+--------+--------+-----+--------+
         Total |   3704 |   3656 |     48 |   1387 |   1519 |   5 |  740.8 |
       Dungeon |   3704 |   3656 |     48 |   1387 |   1519 |   5 |  740.8 |
               +--------+--------+--------+--------+--------+-----+--------+

Top non-repeatable levels by time:
     D:2: 1797 daAuts
     D:3: 1055 daAuts
     D:1: 606 daAuts
     D:5: 155 daAuts
     D:4: 90 daAuts
